Selects Airborne Battlegroup
Construct Medical Station
Construct Weapon Support Center
Selects Paratrooper Squad Paradrop
Paratrooper Squad Paradrop
Selects Anti-tank Gun Team Paradrop
Mechanized Support Center
Anti-tank Gun Team Paradrop
M1918 Browning Automatic Rifles
Selects Carpet Bombing Run